 Dungeon Crawl Stone Soup version 0.26.1-11-gd32895ea62 (webtiles) character file.

Game seed: 1544627761837219177

4609 dtburroughs the Fighter (level 10, -5/90 HPs)
             Began as a Minotaur Berserker on July 9, 2021.
             Was an Elder of Trog.
             Slain by an ancient zyme (9 damage)
             ... on level 2 of the Abyss.
             The game lasted 00:17:24 (12004 turns).

dtburroughs the Fighter (Minotaur Berserker)       Turns: 12004, Time: 00:17:24

Health: -5/90      AC: 13    Str: 21    XL:     10   Next: 19%
Magic:  9/9        EV:  6    Int:  7    God:    Trog [****..]
Gold:   409        SH:  5    Dex: 11    Spells: 9/9 levels left

rFire    + . .     SeeInvis .   E - +4 war axe (freeze)
rCold    . . .     Faith    +   p - +0 buckler
rNeg     . . .     Spirit   .   C - +0 plate armour
rPois    .         Reflect  .   (helmet restricted)
rElec    .         Harm     .   r - scarf {shadows}
rCorr    .         Rampage  .   (no gloves)
Will     +++..                  (no boots)
Stlth    ..........             x - amulet of faith
HPRegen  1.25/turn              y - ring of protection from fire
MPRegen  0.11/turn              D - ring of willpower

@: about to teleport, regenerating, constricted
A: retaliatory headbutt, horns 2
a: Renounce Religion, Berserk, Trog's Hand, Brothers in Arms


You were on level 2 of the Abyss.
You worshipped Trog.
Trog was greatly pleased with you.
You visited 1 branch of the dungeon, and saw 8 of its levels.
You visited the Abyss 1 time.

You collected 409 gold pieces.

Inventory:

Hand Weapons
 a - a +0 morningstar
 E - a +4 war axe of freezing (weapon)
Armour
 o - a +0 chain mail of fire resistance
 p - a +0 buckler (worn)
 r - a scarf of shadows (worn)
 t - a +2 cloak
 C - a +0 plate armour (worn)
Jewellery
 k - an uncursed ring of fire
 l - a +6 ring of dexterity
 x - an amulet of faith (around neck)
 y - a ring of protection from fire (left hand)
 D - a ring of willpower (right hand)
Wands
 e - a wand of random effects (12)
Scrolls
 b - 2 scrolls of enchant weapon {unknown}
 c - 2 scrolls of immolation {unknown}
 d - 3 scrolls of teleportation
 i - a scroll of enchant armour {unknown}
 n - 2 scrolls of remove curse
 s - 4 scrolls of blinking
 w - a scroll of fear {unknown}
 z - a scroll of magic mapping {unknown}
 G - 2 scrolls of amnesia {unknown}
Potions
 f - a potion of curing
 g - a potion of berserk rage {unknown}
 h - 4 potions of degeneration
 j - a potion of haste {unknown}
 m - 2 potions of brilliance
 q - a potion of magic {unknown}
 u - 4 potions of flight
 v - 2 potions of attraction
 A - 2 potions of might {unknown}
 B - 3 potions of heal wounds {unknown}


   Skills:
 + Level 8.4 Fighting
 + Level 8.2 Axes
 + Level 7.8 Armour
 + Level 7.1 Dodging
 + Level 6.8 Shields
 + Level 5.2 Evocations


You had 9 spell levels left.
You didn't know any spells.
Your spell library was empty.

Dungeon Overview and Level Annotations

Branches:
Dungeon (8/15)             Temple (0/1) D:7
   Lair: D:8-11

Altars:
Cheibriados
Elyvilon
Makhleb
Qazlal
Wu Jian
Xom

Shops:
D:6 (

Annotations:
D:7 2 transporters
D:8 Psyche


Innate Abilities, Weirdness & Mutations

You reflexively headbutt those who attack you in melee.
You have a pair of horns on your head.


Message History

You feel better. The smoke demon gestures at you. Something smites you!
* * * LOW HITPOINT WARNING * * *
The starspawn tentacle constricts you. The tentacled starspawn bites you.
* * * LOW HITPOINT WARNING * * *
The tentacled starspawn engulfs you but does no damage.
The ancient zyme hits you but does no damage.
The ancient zyme hits you.
* * * LOW HITPOINT WARNING * * *
You feel yourself growing ill in the presence of the ancient zyme.
You feel better. The smoke demon gestures at you. Something smites you!
* * * LOW HITPOINT WARNING * * *
The starspawn tentacle constricts you.
You block the tentacled starspawn's attack.
The tentacled starspawn closely misses you.
The ancient zyme hits you!
You die...

....#....
##.....#.. #
#....#...# ##.
#......#..
...#.........
#
###(#.........
.#
#.....@X......
....#wxw>.....
#
.##..5──3.....
. #.#.Z.....#.
.
#.##......#.#
#......
#####...#### .
....... ..
...## .#.##.#
####.#...# #.
.##...... #
.....


You could see a tentacled starspawn, an ancient zyme, a smoke demon, 2 starspawn
tentacles, an ufetubus and an ogre skeleton.

Vanquished Creatures
  A two-headed ogre (D:6)
  Joseph (D:8)
  A troll (D:8)
  A small abomination (Abyss:2)
  Menkaure (D:4)
  2 water moccasins
  Duvessa (D:5)
  2 ice beasts
  3 orc warriors
  2 sky beasts
  A phantom (D:6)
  3 ogres
  A wolf (D:8)
  A centaur (D:5)
  A big kobold (D:8)
  A bullfrog (D:7)
  Dowan (D:5)
  5 wights (D:7)
  A howler monkey (D:8)
  3 electric eels (D:8)
  A quasit (D:7)
  8 hounds
  2 iguanas (D:4)
  5 orc priests
  5 orc wizards
  A centaur skeleton (D:8)
  7 worker ants
  A hound skeleton (D:8)
  8 gnolls
  6 adders
  A shadow imp (D:5)
  A white imp (Abyss:2)
  2 ufetubi
  2 oozes
  2 adder zombies
  2 adder skeletons
  2 worms
  A dart slug (D:4)
  4 leopard geckos
  31 orcs
  4 bats
  4 giant cockroaches
  16 goblins
  10 hobgoblins
  5 jackals
  2 quokkas
  4 ball pythons
  8 frilled lizards
  10 kobolds
  A leopard gecko skeleton (D:6)
  7 rats
196 creatures vanquished.

Vanquished Creatures (others)
  A quokka (D:8)
  3 fungi (D:8)
  3 plants (D:8)
7 creatures vanquished.

Grand Total: 203 creatures vanquished

Notes
Turn   | Place    | Note
-------+----------+-------------------------------------------
     0 | D:1      | dtburroughs the Minotaur Berserker began the quest for the
                  | Orb.
     0 | D:1      | Reached XP level 1. HP: 19/19 MP: 0/0
   209 | D:1      | Reached XP level 2. HP: 27/27 MP: 1/1
   625 | D:1      | Reached XP level 3. HP: 26/33 MP: 2/2
   935 | D:1      | Reached ** piety under Trog
  1601 | D:2      | Reached XP level 4. HP: 40/40 MP: 3/3
  1798 | D:2      | Found a stormy altar of Qazlal.
  1798 | D:2      | Noticed an earth elemental
  1801 | D:2      | Noticed a fire elemental
  1801 | D:2      | Noticed a water elemental
  1801 | D:2      | Noticed an air elemental
  1936 | D:2      | Found an ornate altar of the Wu Jian Council.
  2135 | D:2      | Found a white marble altar of Elyvilon.
  2616 | D:3      | Found a stormy altar of Qazlal.
  2848 | D:3      | Reached XP level 5. HP: 19/47 MP: 4/4
  3104 | D:3      | Noticed an ogre
  3117 | D:3      | Killed an ogre
  3118 | D:3      | Reached skill level 1 in Shields
  3118 | D:3      | Reached skill level 1 in Evocations
  3121 | D:3      | Reached XP level 6. HP: 43/55 MP: 5/5
  3607 | D:4      | Noticed Menkaure
  3623 | D:4      | HP: 4/82 [Menkaure (18)]
  3624 | D:4      | Killed Menkaure
  3625 | D:4      | Reached skill level 5 in Fighting
  3625 | D:4      | Reached skill level 5 in Axes
  4308 | D:4      | Reached XP level 7. HP: 57/61 MP: 6/6
  5683 | D:5      | Entered Level 5 of the Dungeon
  5859 | D:5      | Noticed Duvessa
  5866 | D:5      | Noticed Dowan
  5875 | D:5      | Killed Duvessa
  5876 | D:5      | Reached skill level 5 in Armour
  5895 | D:5      | Killed Dowan
  5896 | D:5      | Reached XP level 8. HP: 20/62 MP: 7/7
  6446 | D:5      | Reached *** piety under Trog
  6629 | D:5      | Reached skill level 5 in Dodging
  7314 | D:6      | Noticed a two-headed ogre
  7334 | D:6      | Killed a two-headed ogre
  7335 | D:6      | Reached skill level 5 in Shields
  7335 | D:6      | Reached XP level 9. HP: 60/79 MP: 8/8
  8019 | D:6      | Found Umatun's Antique Weapon Shoppe.
  8246 | D:6      | Identified the +2 robe of the Equator {rF+ Will++}
  9289 | D:7      | Found a staircase to the Ecumenical Temple.
  9674 | D:7      | Found a transporter.
  9799 | D:7      | Found a shimmering altar of Xom.
 10005 | D:7      | Found a transporter.
 10470 | D:8      | Reached **** piety under Trog
 11258 | D:8      | Noticed Joseph
 11266 | D:8      | Noticed a troll
 11268 | D:8      | Killed Joseph
 11273 | D:8      | Reached skill level 5 in Evocations
 11273 | D:8      | Killed a troll
 11274 | D:8      | Reached XP level 10. HP: 75/88 MP: 9/9
 11331 | D:8      | Found a white marble altar of Elyvilon.
 11747 | D:8      | Found a snail-covered altar of Cheibriados.
 11749 | D:8      | Found a burning altar of Makhleb.
 11798 | D:8      | Noticed Psyche
 11804 | D:8      | Cast into level 2 of the Abyss (Psyche)
 11989 | Abyss:2  | Noticed a tentacled starspawn
 11991 | Abyss:2  | Noticed a smoke demon
 12004 | Abyss:2  | HP: 4/90 [smoke demon/divine providence (12)]
 12004 | Abyss:2  | Slain by an ancient zyme

Illustrated notes

Levels and vault maps discovered:
D:1:      ebering_trefoil_3fold, layout_basic, minmay_misc_feat_iff,
          minmay_octomino_j4
D:2:      minmay_wonky_spiral, layout_loops_corners, nzn_wu_jian_contemplation,
          marbit_many_paths, nicolae_qazlal_style_of_elements
D:3:      kennysheep_the_goblin_king, layout_basic, old_standard_altar
D:4:      layout_basic, uniq_menkaure
D:5:      layout_loops_corners, uniq_duvessa
D:6:      layout_loops_ring, serial_shops, kennysheep_mini
D:7:      gammafunk_cloud_chamber, layout_basic, minmay_temple_entry_wispy,
          basic_altar
D:8:      layout_gridville, fedhas_altar_3, minitemple, erik_lair_island,
          elyvilon_altar_4, uniq_joseph, uniq_psyche
Abyss:2:  base: D:7, hangedman_decor_peaks_small

Skill      XL: |  1  2  3  4  5  6  7  8  9 10 |
---------------+-------------------------------+-----
Axes           | 4 5 6 8 |  8.2
Fighting       | 4 5 6 7 8 |  8.4
Armour         | 3 4 5 6 7 |  7.8
Dodging        | 3 4 5 6 7 |  7.1
Shields        | 1 2 3 5 6 |  6.8
Evocations     | 1 2 3 5 |  5.2

Action                   |  1- 3 |  4- 6 |  7- 9 | 10-12 || total
-------------------------+-------+-------+-------+-------++-------
Melee: Hand axe          |    76 |   115 |   255 |       ||   446
       Headbutt          |    14 |    26 |    65 |    10 ||   115
       War axe           |       |       |   110 |    34 ||   144
Invok: Berserk           |       |     3 |     4 |       ||     7
       Trog's Hand       |       |     3 |     7 |     5 ||    15
Evoke: Wand              |       |       |     6 |     5 ||    11
  Use: Potion            |       |       |     1 |     2 ||     3
       Scroll            |       |       |     6 |     4 ||    10
 Stab: Sleeping          |       |     1 |       |       ||     1
       Distracted        |       |       |       |     1 ||     1
Armor: Animal skin       |    12 |     7 |       |       ||    19
       Scale mail        |       |    11 |    75 |       ||    86
       Plate armour      |       |       |    91 |    24 ||   115
Dodge: Dodged            |    50 |    69 |   173 |    27 ||   319
Block: Buckler           |       |       |    71 |    14 ||    85
